Map: Automaton LE

Players

mojo - Winner!

  • Race: Terran Terran
  • League: Gold
  • Spawn Location: 3:00

Mesrob

  • Race: Terran Terran
  • League: Gold
  • Spawn Location: 9:00

VOD

Have the link to the VOD?

Description

Time

  • Played on: Jan. 11, 2019, 1:55 p.m.
  • Length: 16:50
Show
View Real Time Build Order
Export as new Build Order

mojo Terran - Winner!

Build Orders: Command Center First (CC) 

Get SALT Encoding   

  12  0:00  SCV  
  13  0:13  SCV  
  14  0:19  Supply Depot  
  14  0:25  SCV  
  15  0:41  SCV  
  16  0:53  SCV  
  17  1:05  SCV  
  17  1:06  Command Center  
  18  1:17  SCV  
  19  1:35  Command Center  
  19  1:45  Barracks  
  19  1:50  SCV  
  20  2:02  SCV  
  21  2:09  Barracks  
  21  2:16  SCV  
  22  2:28  SCV  
  23  2:30  SCV  
  24  2:40  Marine, Supply Depot  
  25  2:51  Orbital Command x3  
  25  2:57  Marine  
  26  3:02  Refinery  
  26  3:05  Refinery  
  26  3:06  Marine  
  26  3:17  SCV  
  26  3:18  SCV x2  
  29  3:29  SCV  
  29  3:30  SCV x2  
  29  3:31  Marine x2  
  34  3:42  SCV x3  
  37  3:50  Refinery  
  37  3:54  SCV x3  
  40  4:02  Marine x2  
  40  4:06  SCV x3  
  40  4:09  Factory, Barracks  
  45  4:18  SCV x3  
  45  4:20  Refinery, Marine x2  
  50  4:26  Barracks  
  50  4:30  SCV x3  
  53  4:38  Marine x2  
  53  4:42  SCV x2  
  57  4:52  Supply Depot  
  57  4:55  Supply Depot  
  57  4:56  Marine x2  
  59  5:04  Factory Tech Lab, Barracks Reactor  
  60  5:07  SCV x2  
  60  5:08  Starport  
  62  5:14  Supply Depot, SCV  
  62  5:19  Barracks Tech Lab  
  62  5:20  Barracks Tech Lab  
  62  5:21  Barracks Tech Lab  
  62  5:23  Siege Tank  
  65  5:30  SCV x3  
  65  5:32  Command Center  
  68  5:39  Marauder  
  68  5:41  Marauder  
  68  5:42  Marauder  
  74  5:45  Starport Reactor  
  74  5:48  Marine x2  
  76  5:55  Siege Tank  
  79  6:07  SCV x3  
  82  6:13  Starport  
  82  6:16  Starport, Liberator x2  
  82  6:32  Refinery  
  82  6:36  Refinery  
  82  6:37  Starport  
  88  6:41  Starport  
  88  6:54  Engineering Bay  
  88  7:07  SCV x2  
  88  7:08  SCV x2  
  92  7:15  Starport Tech Lab  
  92  7:16  Starport Tech Lab x2, Fusion Core  
  92  7:19  SCV  
  92  7:20  SCV x3  
  96  7:26  Starport Tech Lab  
  96  7:29  Starport Tech Lab  
  96  8:04  Weapon Refit  
  96  8:28  Battlecruiser x2  
  105  8:41  Supply Depot  
  105  8:42  Battlecruiser  
  105  8:44  Supply Depot  
  105  8:46  Supply Depot  
  111  8:50  Supply Depot  
  111  8:53  Concussive Shells  
  111  9:02  Battlecruiser  
  117  9:04  Supply Depot  
  117  9:10  Planetary Fortress, Supply Depot  
  117  9:13  Supply Depot, Stimpack  
  117  9:31  Armory  
  117  9:43  Battlecruiser x2  
  117  9:44  Battlecruiser  
  134  10:02  Marauder x2  
  134  10:03  Marauder  
  140  10:16  Marine  
  140  10:17  Marine  
  140  10:19  Combat Shield  
  142  10:24  Marauder x3  
  142  10:26  Terran Vehicle And Ship Armor Level 1  
  148  10:31  Supply Depot  
  148  10:34  Marine x2  
  150  10:35  Command Center  
  150  10:38  Cyclone  
  150  10:45  Marauder x3  
  156  10:52  Marine x2  
  158  11:06  Marauder  
  158  11:10  Marine x2  
  162  11:37  Command Center  
  162  11:49  Command Center  
  162  11:59  Command Center  
  137  12:26  Marauder  
  137  12:27  Marauder x2  
  137  12:28  Battlecruiser  
  137  12:29  Battlecruiser x3  
  173  12:30  Battlecruiser  
  173  12:32  Marine x2  
  173  12:33  Thor  
  181  12:47  Marine  
  181  12:48  Marine, Marauder  
  185  13:06  Marauder  
  162  13:54  Battlecruiser  
  162  13:55  Battlecruiser x4  
  192  13:56  Marine  
  192  13:57  Marauder x2, Marine  
  164  14:44  Refinery  
  164  14:54  Marine, Refinery, Marauder  
  164  14:55  Marauder x2  
  171  15:05  Viking x5  
  181  15:13  Refinery  
  181  15:14  Refinery  
  181  15:16  Marauder x3  
  181  15:21  Refinery  
  187  15:23  Refinery  
  187  15:37  Marauder  
  187  15:38  Marauder x2  
  193  15:59  Marauder x3  
Show
View Real Time Build Order
Export as new Build Order

Mesrob Terran 

Build Orders: Mech 

Get SALT Encoding   

  12  0:00  SCV  
  13  0:12  SCV  
  14  0:18  Supply Depot  
  14  0:24  SCV  
  15  0:40  SCV  
  15  0:42  Barracks  
  16  0:50  Refinery  
  16  0:52  SCV  
  17  1:04  SCV  
  18  1:16  SCV  
  19  1:30  Orbital Command  
  19  1:52  Marine  
  20  1:56  Command Center  
  20  2:02  SCV  
  20  2:05  Refinery, Bunker  
  21  2:14  SCV  
  22  2:15  Factory  
  22  2:33  Barracks Tech Lab  
  22  2:45  Supply Depot  
  22  2:49  SCV  
  23  3:07  Supply Depot, SCV  
  23  3:11  Engineering Bay  
  24  3:18  Refinery, Orbital Command  
  24  3:19  SCV  
  25  3:28  Siege Tank  
  25  3:31  SCV  
  29  3:38  Armory  
  29  3:43  SCV  
  29  3:44  SCV  
  31  3:53  Missile Turret  
  31  3:56  SCV  
  31  4:01  Missile Turret  
  32  4:08  SCV  
  33  4:14  Missile Turret, SCV  
  34  4:20  Marine, SCV  
  34  4:22  Siege Tank  
  39  4:26  SCV  
  39  4:27  Supply Depot  
  39  4:30  Factory  
  40  4:34  SCV  
  40  4:38  SCV  
  42  4:43  Terran Vehicle Weapons Level 1  
  42  4:46  SCV  
  42  4:50  Missile Turret  
  43  4:54  Siege Tank  
  46  5:04  Command Center  
  46  5:12  Missile Turret  
  46  5:24  Factory Reactor  
  46  5:32  Armory  
  46  5:36  Thor  
  46  5:41  Refinery, SCV x2  
  54  5:53  SCV x2  
  54  5:57  Marine  
  57  6:05  Hellbat x2, SCV  
  62  6:16  SCV  
  63  6:19  Supply Depot  
  63  6:23  Factory  
  63  6:25  Terran Vehicle And Ship Armor Level 1  
  63  6:29  Hellbat x2  
  63  6:30  Thor  
  73  6:37  SCV  
  74  6:43  Supply Depot  
  74  6:49  SCV  
  75  6:57  SCV  
  76  7:01  SCV  
  76  7:05  Supply Depot  
  76  7:06  Terran Vehicle Weapons Level 2  
  77  7:09  Factory Tech Lab, SCV  
  77  7:11  Hellbat x2  
  77  7:13  SCV, Thor  
  89  7:21  Sensor Tower  
  89  7:28  Supply Depot  
  89  7:35  Thor  
  95  7:38  Hellbat x2  
  99  7:51  Supply Depot  
  99  7:53  Planetary Fortress  
  99  7:56  Thor  
  105  7:58  SCV  
  105  7:59  SCV  
  107  8:07  Refinery  
  107  8:08  Refinery  
  107  8:13  Hellbat  
  107  8:14  Hellbat  
  107  8:17  Supply Depot  
  107  8:18  Thor  
  110  8:59  Missile Turret x2  
  110  9:07  Marine  
  111  9:20  Missile Turret x2  
  111  9:24  Marine  
  111  9:26  Missile Turret  
  112  9:34  SCV x3  
  115  9:40  Missile Turret  
  115  9:42  Marine  
  115  9:45  Missile Turret  
  116  9:46  SCV x3  
  119  9:58  SCV x2  
  119  9:59  SCV  
  122  10:00  Marine  
  122  10:05  Missile Turret  
  122  10:06  Command Center  
  123  10:10  SCV  
  123  10:11  SCV  
  125  10:16  Supply Depot  
  125  10:35  Missile Turret  
  125  10:37  Marine  
  125  10:38  SCV x3  
  125  10:39  Supply Depot  
  129  10:50  SCV x3  
  132  11:01  Thor  
  132  11:02  SCV  
  132  11:04  Starport, Supply Depot  
  139  11:11  Starport  
  139  11:19  Starport  
  139  11:26  Cyclone  
  139  11:27  Supply Depot  
  139  11:30  Widow Mine x2  
  146  11:34  Drilling Claws  
  146  11:37  Infernal Pre-Igniter  
  146  11:41  Starport  
  146  11:44  Cyclone  
  149  11:51  Widow Mine x2  
  129  11:56  Starport  
  129  11:58  Cyclone  
  103  12:16  Cyclone  
  106  12:30  Cyclone  
  109  12:42  Sensor Tower  
  111  12:44  Hellbat x2  
  111  12:48  Cyclone  
  116  13:02  Thor  
  123  13:06  Hellbat x2  
  101  13:20  Thor  
  88  13:32  Viking x3  
  88  13:33  Viking x2  
  98  13:37  Hellbat x2  
  98  13:38  SCV  
  98  13:39  SCV x2  
  99  13:45  Thor  
  103  13:49  Planetary Fortress  
  103  13:51  SCV x3  
  102  14:02  Thor  
  102  14:03  SCV x3  
  102  14:05  Missile Turret  
  102  14:09  Missile Turret  
  111  14:15  SCV x3  
  96  14:27  SCV x3  
  96  14:28  Thor  
  103  14:45  Thor  
  109  15:08  Refinery  
  109  15:11  Missile Turret  
  109  15:31  Missile Turret  
  109  15:34  Refinery  
  109  15:42  Viking x4  
  115  15:43  Viking  
  119  15:51  Missile Turret  
Tags
 
Composition
Mech
League
GoldGold
Matchup
TvT
Race
Terran
Replay Pack
sc2 replays
Spawn Locations
Cross Positions
Add a new tag
Caveats
  • Supply blocks, unpowered buildings, or Contaminate may cause inaccurate times.
  • Supply counts are checked every 10 seconds.